 Dungeon Crawl Stone Soup version 0.27-a0-869-g165b36e3f0 (webtiles) character file.

Game seed: 6810901653628916370

216 jestyr24 the Gusty (level 5, -7/28 HPs)
             Began as a Tengu Air Elementalist on Apr 3, 2021.
             Mangled by a phantom (10 damage)
             ... on level 4 of the Dungeon.
             The game lasted 00:26:13 (4358 turns).

jestyr24 the Gusty (Tengu Air Elementalist)         Turns: 4358, Time: 00:26:14

Health: -7/28      AC:  5    Str:  8    XL:     5   Next: 93%
Magic:  10/10      EV: 15    Int: 16    God:
Gold:   114        SH:  0    Dex: 15    Spells: 3/10 levels left

rFire    . . .     SeeInvis .   o - +5 flail
rCold    . . .     Faith    .   (no shield)
rNeg     + . .     Spirit   .   a - +0 robe
rPois    .         Reflect  .   (helmet restricted)
rElec    .         Harm     .   e - +2 cloak
rCorr    .         Rampage  .   (no gloves)
Will     .....                  (boots unavailable)
Stlth    ++........             g - amulet of the acrobat
HPRegen  0.09/turn              m - ring of positive energy
MPRegen  0.12/turn              (no ring)

@: flying quickly and evasively, quick
A: beak, talons 3, nimble flight
a: no special abilities


You were on level 4 of the Dungeon.
You visited 1 branch of the dungeon, and saw 4 of its levels.

You collected 114 gold pieces.

Inventory:

Hand Weapons
 j - a +0 rapier
 n - a +3 whip
 o - a +5 flail (weapon)
Missiles
 d - 33 poisoned darts (quivered)
Armour
 a - a +0 robe (worn)
 e - a +2 cloak (worn)
Jewellery
 g - an amulet of the acrobat (around neck)
 m - a ring of positive energy (left hand)
Scrolls
 c - a scroll of amnesia {unknown}
 i - 3 scrolls of identify {unknown}
 p - a scroll of torment {unknown}
Potions
 b - a potion of might {unknown}
 f - a potion of resistance {unknown}
 h - 3 potions of curing {unknown}
 k - a potion of invisibility {unknown}
 l - a potion of mutation {unknown}


   Skills:
 - Level 1.4 Short Blades
 - Level 1.1 Throwing
 - Level 2.5 Dodging
 - Level 2.1 Stealth
 + Level 3.2 Spellcasting
 - Level 3.1 Conjurations
 + Level 5.8 Air Magic


You had 3 spell levels left.
You knew the following spells:

 Your Spells              Type           Power      Damage    Failure   Level
a - Shock                 Conj/Air       68%        1d7       3%          1
b - Swiftness             Air            21%        N/A       2%          2
c - Airstrike             Air            10%        N/A       17%         4

Your spell library contained the following spells:

 Spells                   Type           Power      Damage    Failure   Level
 Static Discharge         Conj/Air       17%        N/A       9%          3
 Animate Skeleton         Necr           4%         N/A       19%         1
 Apportation              Tloc           4%         N/A       19%         1
 Corona                   Hex            2%         N/A       19%         1
 Summon Small Mammal      Summ           8%         N/A       19%         1
 Lightning Bolt           Conj/Air       8%         1d21      63%         5


Dungeon Overview and Level Annotations

Branches:
Dungeon (4/15)
 Temple: D:4-7

Altars:

Shops:
D:4 :

Annotations:
D:4 Edmund


Innate Abilities, Weirdness & Mutations

You have a beak for a mouth.
You have claws for feet.
Your magical nature lets you fly swiftly and evasively.


Message History

a +0 club; a +0 leather armour; an orc skeleton
There is a stone staircase leading down here.
There is a stone staircase leading down here.
You fly downwards.
Level annotation: Edmund A hobgoblin and a phantom come into view.
Found an escape hatch in the ceiling.
There is a stone staircase leading up here.
You sock the phantom! Your kick misses the phantom.
The phantom is moderately damaged.
The phantom hits you! x2; The phantom blinks!
You blink.
You miss the phantom. You claw the phantom.
The phantom is moderately damaged.
The phantom closely misses you.
You miss the phantom. Your kick misses the phantom. You peck the phantom.
The phantom is moderately damaged.
The phantom hits you.
The phantom blinks!
You blink.
You closely miss the phantom. You peck the phantom.
The phantom is heavily damaged.
The phantom barely misses you. The phantom hits you.
* * * LOW HITPOINT WARNING * * *
The phantom blinks!
You blink.
The hobgoblin hits you.
* * * LOW HITPOINT WARNING * * *
You hit the phantom.
The phantom is heavily damaged.
The phantom completely misses you.
The hobgoblin hits you but does no damage.
You closely miss the phantom.
The phantom is heavily damaged.
The phantom barely misses you. The hobgoblin misses you.
The phantom closely misses you.
You hit the phantom. You claw the phantom, but do no damage.
The phantom is severely damaged.
The hobgoblin hits you.
* * * LOW HITPOINT WARNING * * *
The phantom closely misses you. The hobgoblin closely misses you.
The hobgoblin barely misses you.
There is a stone staircase leading up here.
The phantom hits you!
You die...

#.# #.# .###
#.#
...###.#####
#.........#
#.........#
#.....g...#
#....@W...#
#.........#
.)
#.........#
#(
...<.####..##
g. ##### ##.#
#h## #.. #..#
..## ..# .##
##.####### #


You could see a phantom and a hobgoblin.

Vanquished Creatures
  An orc wizard (D:4)
  A hound skeleton (D:4)
  4 gnolls (D:3)
  3 adders
  3 adder skeletons
  3 worms
  4 dart slugs
  10 orcs
  4 ball pythons
  4 endoplasms
  3 giant cockroaches
  5 goblins
  4 hobgoblins
  11 kobolds
  5 quokkas
  5 bats
  6 frilled lizards
  8 rats
84 creatures vanquished.

Notes
Turn   | Place    | Note
-------+----------+-------------------------------------------
     0 | D:1      | jestyr24 the Tengu Air Elementalist began the quest for the
                  | Orb.
     0 | D:1      | Reached XP level 1. HP: 10/10 MP: 4/4
   237 | D:1      | Reached XP level 2. HP: 15/15 MP: 0/6
   290 | D:1      | Found a faded altar of an unknown god.
   308 | D:1      | Learned a level 2 spell: Swiftness
  1145 | D:2      | Reached XP level 3. HP: 19/19 MP: 5/7
  1978 | D:2      | Reached skill level 5 in Air Magic
  1978 | D:2      | Reached XP level 4. HP: 20/24 MP: 1/9
  2327 | D:2      | You fall into a shaft and drop 2 floors!
  2662 | D:4      | Found Seraj's Book Boutique.
  2763 | D:4      | Gained mutation: Your magical nature lets you fly swiftly
                  | and evasively. [Tengu growth]
  2763 | D:4      | Reached XP level 5. HP: 23/28 MP: 10/10
  2834 | D:4      | Noticed Edmund
  3098 | D:3      | Reached skill level 1 in Short Blades
  3897 | D:3      | Reached skill level 1 in Throwing
  3905 | D:3      | Learned a level 4 spell: Airstrike
  4347 | D:4      | Noticed a phantom
  4358 | D:4      | Mangled by a phantom

Illustrated notes

Levels and vault maps discovered:
D:1:      dpeg_arrival_simpleton_a, layout_basic, ebering_ecumenical_altar_mist,
          minmay_misc_feat_roman
D:2:      layout_loops_ring, serial_park_tiny_2
D:3:      minmay_wonky_spiral, layout_basic
D:4:      layout_rooms, serial_shops, shop, uniq_edmund, uniq_crazy_yiuf_cottage

Skill      XL: |  1  2  3  4  5 |
---------------+----------------+-----
Conjurations   | 2 3 |  3.1
Air Magic      | 5 |  5.8
Spellcasting   | 3 |  3.2
Short Blades   | 1 |  1.4
Throwing       | 1 |  1.1
Dodging        | |  2.5
Stealth        | |  2.1

Action                   |  1- 3 |  4- 6 || total
-------------------------+-------+-------++-------
Melee: Unarmed           |     4 |       ||     4
       Dagger            |     2 |       ||     2
       Rapier            |       |    30 ||    30
       Kick              |       |    11 ||    11
       Peck              |       |     5 ||     5
       Flail             |       |    23 ||    23
       Whip              |       |     1 ||     1
Throw: Dart              |    11 |    63 ||    74
 Cast: Shock             |    78 |    57 ||   135
       Swiftness         |     2 |     1 ||     3
  Use: Scroll            |       |     1 ||     1
 Stab: Sleeping          |       |     1 ||     1
Armor: Robe              |     2 |    13 ||    15
Dodge: Dodged            |    10 |    49 ||    59

Table legend: (Time is in decaauts)
 A = Elapsed time spent in this place.
 B = Non-inter-level travel time spent in this place.
 C = Inter-level travel time spent in this place.
 D = Time resting spent in this place.
 E = Time spent auto-exploring this place.
 F = Levels seen in this place.
 G = Mean time per level.
                   A        B        C        D        E       F      G
               +--------+--------+--------+--------+--------+-----+--------+
         Total |   4288 |   4169 |    119 |   1227 |   2077 |   4 | 1072.0 |
       Dungeon |   4288 |   4169 |    119 |   1227 |   2077 |   4 | 1072.0 |
               +--------+--------+--------+--------+--------+-----+--------+

Top non-repeatable levels by time:
     D:3: 1401 daAuts
     D:1: 1168 daAuts
     D:2: 1161 daAuts
     D:4: 556 daAuts
